 Seeded DCSS version 0.31-a0-149-g3fdcc5976a (webtiles) character file.

Game seed: 13756538122855080540 (custom seed)

3661 Pimp the Cleaver (level 10, -4/91 HPs)
             Began as a Hill Orc Fighter on June 7, 2023.
             Was a Believer of Okawaru.
             Slain by a white ugly thing (31 damage)
             ... on level 7 of the Dungeon.
             The game lasted 00:13:06 (7385 turns).

Pimp the Cleaver (Hill Orc Fighter)                 Turns: 7385, Time: 00:13:07

Health: -4/91      AC: 16    Str: 21    XL:     10   Next: 12%
Magic:  10/10      EV:  9    Int:  9    God:    Okawaru [**....]
Gold:   405        SH: 12    Dex: 18    Spells: 9/9 levels left

rFire   . . .        a - +1 war axe
rCold   . . .        c - +0 buckler
rNeg    + + .        b - +0 scale mail
rPois   .            r - +2 helmet
rElec   +            j - +0 cloak
rCorr   .            p - +2 pair of gloves of the Game Afoot {rElec rN+}
SInv    .            (no boots)
Will    .....        e - amulet "Kyplorr" {Reflect rN+ Dex+4 SH+5} Stlth
                     (no ring)
HPRegen 0.35/turn    (no ring)
MPRegen 0.12/turn

%: reflection, clarity
@: lethally poisoned (-4 -> -16), slowed, very slow
A: agile 1, clarity, wild magic 1, evolution 1
a: Renounce Religion, Heroism


You were on level 7 of the Dungeon.
You worshipped Okawaru.
Okawaru was pleased with you.
You visited 2 branches of the dungeon, and saw 8 of its levels.
You also visited: Sewer.

You collected 405 gold pieces.

Inventory:

Hand Weapons
 a - a +1 war axe (weapon)
Missiles
 g - 11 poisoned darts
 h - 12 boomerangs (quivered)
Armour
 b - a +0 scale mail (worn)
 c - a +0 buckler (worn)
 j - a +0 cloak (worn)
 o - a +0 pair of gloves
 p - the +2 pair of gloves of the Game Afoot (worn) {rElec rN+}
   (You acquired it on level 3 of the Dungeon)

   rElec:     It insulates you from electricity.
   rN:        It protects you from negative energy.
 r - a +2 helmet (worn)
Jewellery
 e - the amulet "Kyplorr" (around neck) {Reflect rN+ Dex+4 SH+5}
   (You acquired it on level 1 of the Dungeon)

   [amulet of reflection]

   It reflects blocked missile attacks.
   Dex:       It affects your dexterity (+4).
   rN:        It protects you from negative energy.
   SH:        It affects your SH (+5).
 k - an amulet of magic regeneration
 q - a ring of wizardry
 u - an amulet of regeneration
 C - an amulet of faith
 E - a ring of fire
Wands
 s - a wand of flame (15)
 y - a wand of light (15)
Scrolls
 l - 2 scrolls of vulnerability
 m - 2 scrolls of teleportation
 v - a scroll of summoning
 w - a scroll of identify
 x - a scroll of enchant weapon
 A - a scroll of amnesia {unknown}
 B - a scroll of fog {unknown}
 D - a scroll of magic mapping {unknown}
 F - 2 scrolls of silence {unknown}
Potions
 d - 3 potions of magic
 f - 3 potions of enlightenment
 i - a potion of degeneration {unknown}
 n - a potion of resistance
 t - a potion of curing
 z - a potion of heal wounds


   Skills:
 + Level 9.3 Fighting
 + Level 9.7 Axes
 + Level 8.5 Armour
 + Level 8.5 Shields


You had 9 spell levels left.
You didn't know any spells.
Your spell library contained the following spells:

 Spells                   Type           Power      Damage    Failure   Level
 Sandblast                Erth           0%         2d4       82%         1
 Blink                    Tloc           0%         N/A       90%         2
 Lesser Beckoning         Tloc           0%         N/A       90%         2
 Momentum Strike          Conj/Tloc      0%         3d8       90%         2
 Passwall                 Tmut/Erth      0%         N/A       90%         2
 Sublimation of Blood     Necr           0%         N/A       90%         2
 Wereblood                Tmut           0%         N/A       90%         2
 Portal Projectile        Hex/Tloc       0%         N/A       99%         3
 Stone Arrow              Conj/Erth      0%         3d7       99%         3
 Vhi's Electric Charge    Tloc/Air       0%         N/A       99%         3
 Arcjolt                  Conj/Air       0%         1d10      100%        5
 Blade Hands              Tmut           0%         N/A       100%        5
 Plasma Beam              Fire/Air       0%         2x1d10    100%        6
 Tukima's Dance           Hex            Unusable   N/A       N/A         3
 Summon Hydra             Summ           Unusable   N/A       N/A         7

Dungeon Overview and Level Annotations

Branches:
Dungeon (7/15)             Temple (1/1) D:6           Sewer (visited)

Altars:
Ashenzari
Cheibriados
Dithmenos
Elyvilon
Fedhas
Gozag
Hepliaklqana
Makhleb
Nemelex Xobeh
Okawaru
Qazlal
Ru
Sif Muna
Trog
Uskayaw
Vehumet
Wu Jian
Xom
Yredelemnul
Zin
The Shining One


Innate Abilities, Weirdness & Mutations

You are agile. (Dex +4, Str/Int -1)
You possess an exceptional clarity of mind.
Your spells are a little harder to cast, but a little more powerful.
You have hidden genetic potential.


Message History

The white ugly thing pecks you. The white ugly thing freezes you!
You barely miss the white ugly thing. You hit the hornet.
The hornet stings you but does no damage.
You block the white ugly thing's attack.
The hornet stings you.
You feel yourself slow down.
You slash the white ugly thing!
The white ugly thing is lightly wounded.
You hit the hornet but do no damage. You block the hornet's attack.
The white ugly thing pecks you! The white ugly thing freezes you!!
The hornet stings you.
You are poisoned.
You feel as though you will be slow longer.
The white ugly thing pecks you but does no damage.
You feel better. The hornet stings you.
You are poisoned.
You feel as though you will be slow longer.
The hornet stings you but does no damage.
You block the white ugly thing's attack.
You slice the white ugly thing!!
The white ugly thing is heavily wounded.
You barely miss the hornet.
You feel very sick. The hornet stings you.
You feel as though you will be slow longer.
The hornet closely misses you.
The white ugly thing closely misses you.
The hornet stings you!
You feel as though you will be slow longer.
You block the white ugly thing's attack.
You closely miss the white ugly thing.
The white ugly thing is heavily wounded.
You hit the hornet but do no damage.
You feel very sick. The hornet stings you.
You are more poisoned.
You feel as though you will be slow longer.
The white ugly thing pecks you.
* * * LOW HITPOINT WARNING * * *
The white ugly thing freezes you!!
You die...

......#.....#.....#.....#...#
...#.....#..)........#.....##
...#. ##.........###.#....##
...#...........#...##
#.....#......./....# #
#.###)#.##..#....#.#
..#.....#.........##.#
.......yu............#
........@.........#######
#.......................
######.########........#
#.########..........
##...........#######
##.###..##.###
#######..........#
.....<..#.....####
#########.....#


You could see a white ugly thing and a hornet.

Vanquished Creatures
  Pikel (D:7)
  Joseph (D:7)
  A hornet (D:7)
  Prince Ribbit (D:5)
  Sigmund (D:3)
  2 sky beasts (D:7)
  Pargi (Sewer)
  An ogre (D:5)
  2 ice beasts
  2 black bears
  A kobold brigand (D:7)
  Blork the orc (D:6)
  2 bullfrogs
  2 scorpions (D:5)
  A wight (D:7)
  A howler monkey (D:7)
  2 hounds
  A quasit (D:6)
  3 jellies
  4 orc priests
  3 iron imps (D:7)
  A sleepcap (D:7)
  5 iguanas
  Ijyb (D:3)
  7 orc wizards
  11 adders
  3 gnolls (D:4)
  A river rat (D:3)
  4 shadow imps (D:6)
  6 white imps
  6 ufetubi (D:6)
  3 dart slugs
  21 orcs
  5 bats
  5 endoplasms
  6 giant cockroaches
  10 goblins
  6 hobgoblins
  4 jackals (D:2)
  2 quokkas (D:5)
  9 ball pythons
  9 frilled lizards
  6 kobolds
  8 rats
173 creatures vanquished.

Notes
Turn   | Place    | Note
-------+----------+-------------------------------------------
     0 | D:1      | Pimp the Hill Orc Fighter began the quest for the Orb.
     0 | D:1      | Reached XP level 1. HP: 19/19 MP: 1/1
   155 | D:1      | Reached XP level 2. HP: 24/27 MP: 2/2
   917 | D:1      | Identified a scroll of acquirement
   917 | D:1      | Acquired the amulet "Kyplorr" {Reflect rN+ Dex+4 SH+5}
   983 | D:2      | Reached XP level 3. HP: 33/33 MP: 3/3
   983 | D:2      | Found a faded altar of an unknown god.
  1046 | D:2      | Found a burning altar of Makhleb.
  1153 | D:2      | Reached XP level 4. HP: 25/40 MP: 4/4
  1664 | D:3      | Found a glowing drain.
  1682 | Sewer    | Entered a sewer
  1720 | Sewer    | Noticed Pargi
  1752 | Sewer    | Killed Pargi
  1753 | Sewer    | Reached XP level 5. HP: 13/47 MP: 5/5
  2083 | D:3      | Found a shimmering altar of Xom.
  2179 | D:3      | Noticed Sigmund
  2194 | D:3      | Killed Sigmund
  2195 | D:3      | Reached skill level 5 in Fighting
  2195 | D:3      | Reached skill level 5 in Axes
  2195 | D:3      | Reached XP level 6. HP: 56/56 MP: 6/6
  2267 | D:3      | Acquired the +2 pair of gloves of the Game Afoot {rElec
                  | rN+}
  2482 | D:3      | Noticed Ijyb
  2487 | D:3      | Killed Ijyb
  2578 | D:3      | Reached skill level 5 in Armour
  2725 | D:4      | Reached skill level 5 in Shields
  2745 | D:4      | Found a blossoming altar of Fedhas.
  2754 | D:4      | Reached XP level 7. HP: 50/61 MP: 7/7
  3531 | D:4      | Found an ornate altar of the Wu Jian Council.
  3780 | D:5      | Entered Level 5 of the Dungeon
  3988 | D:5      | Reached XP level 8. HP: 69/70 MP: 8/8
  4446 | D:5      | Noticed Prince Ribbit
  4481 | D:5      | Killed Prince Ribbit
  5431 | D:6      | Found a staircase to the Ecumenical Temple.
  5459 | D:6      | Reached XP level 9. HP: 53/79 MP: 9/9
  5575 | D:6      | Noticed Blork the orc
  5582 | D:6      | Killed Blork the orc
  5990 | Temple   | Entered the Ecumenical Temple
  6090 | Temple   | Became a worshipper of Warmaster Okawaru
  6508 | D:7      | Noticed Pikel
  6517 | D:7      | Gained mutation: You possess an exceptional clarity of
                  | mind. [potion of mutation]
  6517 | D:7      | Gained mutation: You have hidden genetic potential. [potion
                  | of mutation]
  6517 | D:7      | Gained mutation: You are agile. (Dex +4, Str/Int -1)
                  | [potion of mutation]
  6539 | D:7      | Noticed Joseph
  6540 | D:7      | Noticed a hornet
  6546 | D:7      | Killed Pikel
  6551 | D:7      | Reached * piety under Okawaru
  6562 | D:7      | Killed a hornet
  6855 | D:7      | Killed Joseph
  6855 | D:7      | Reached ** piety under Okawaru
  6982 | D:7      | Noticed a white ugly thing
  7071 | D:7      | Found a burning altar of Makhleb.
  7097 | D:7      | Reached XP level 10. HP: 89/91 MP: 10/10
  7250 | D:7      | Gained mutation: Your spells are a little harder to cast,
                  | but a little more powerful. [hidden potential]
  7385 | D:7      | Slain by a white ugly thing

Illustrated notes

Levels and vault maps discovered:
D:1:      scummos_arrival_star, layout_basic
D:2:      layout_basic, basic_altar, basic_ecumenical_altar, grunt_decor_cap
D:3:      layout_basic, mainiacjoe_overflow_alcove_1, portal_sewer_entry_b,
          minmay_close_crescents, uniq_ijyb, uniq_sigmund
D:4:      layout_loops_corners, mainiacjoe_overflow_paths,
          nicolae_wu_jian_glorious_leap, kennysheep_flooded_box,
          guppyfry_early_lair_pool
D:5:      layout_layer_cave, nicolae_eternal_life, uniq_prince_ribbit1
D:6:      layout_cave_pools, minmay_temple_entry_water_ring, serial_demonic,
          serial_demonic_e, serial_demonic_g, serial_demonic_g,
          serial_demonic_d, serial_demonic_d, serial_demonic_f,
          serial_demonic_a, serial_demonic_a, minmay_lizard_king,
          uniq_blork_the_orc
D:7:      hangedman_cross_stitches, layout_rooms, demons_altar, minivault_27,
          uniq_joseph, uniq_pikel
Temple:   minmay_temple_bridge_d

Skill      XL: |  1  2  3  4  5  6  7  8  9 |
---------------+----------------------------+-----
Axes           | 3 4 5 6 7 9 |  9.7
Fighting       | 4 5 6 7 9 |  9.3
Armour         | 4 5 6 8 |  8.5
Shields        | 4 5 6 8 |  8.5

Action                     |  1- 3 |  4- 6 |  7- 9 | 10-12 || total
---------------------------+-------+-------+-------+-------++-------
  Melee: War axe           |    91 |   127 |   360 |    41 ||   619
  Throw: Boomerang         |       |     9 |       |       ||     9
    Use: Scroll            |     1 |     1 |    10 |       ||    12
         Potion            |       |     8 |     2 |     1 ||    11
 Armour: Scale mail        |    44 |    77 |   201 |    15 ||   337
  Dodge: Dodged            |    48 |    60 |   130 |    13 ||   251
  Block: Buckler           |    42 |    92 |   221 |    24 ||   379
         Reflection        |     2 |     1 |     6 |     5 ||    14

Table legend: (Time is in decaauts)
 A = Elapsed time spent in this place.
 B = Non-inter-level travel time spent in this place.
 C = Inter-level travel time spent in this place.
 D = Time resting spent in this place.
 E = Time spent auto-exploring this place.
 F = Levels seen in this place.
 G = Mean time per level.
                   A        B        C        D        E       F      G
               +--------+--------+--------+--------+--------+-----+--------+
         Total |   7509 |   7008 |    501 |    313 |   5203 |   9 |  834.3 |
       Dungeon |   6776 |   6457 |    319 |    252 |   4831 |   7 |  968.0 |
        Temple |    376 |    194 |    182 |      0 |    189 |   1 |  376.0 |
         Sewer |    356 |    356 |      0 |     61 |    183 |   1 |  356.0 |
               +--------+--------+--------+--------+--------+-----+--------+

Top non-repeatable levels by time:
     D:5: 1568 daAuts
     D:4: 1101 daAuts
     D:6: 1072 daAuts
     D:1: 944 daAuts
     D:3: 926 daAuts
     D:7: 611 daAuts
     D:2: 552 daAuts
  Temple: 376 daAuts
   Sewer: 356 daAuts
